 Dungeon Crawl Stone Soup version 0.22-a0-86-g94e0ad4 (webtiles) character file.

64 GameOver the Chiller (level 4, 36/36 HPs)
             Began as a Naga Ice Elementalist on Dec 31, 2017.
             Got out of the dungeon alive.
             The game lasted 00:10:05 (1184 turns).

GameOver the Chiller (Naga Ice Elementalist)        Turns: 1184, Time: 00:10:06

Health: 36/36      AC:  2    Str: 11    XL:     4   Next: 12%
Magic:  7/7        EV: 10    Int: 16    God:
Gold:   77         SH:  0    Dex: 11    Spells: 2/7 levels left

rFire    . . .     SeeInvis +   d - +0 short sword
rCold    . . .     Gourm    .   (no shield)
rNeg     . . .     Faith    .   a - +0 robe
rPois    +         Spirit   .   (no helmet)
rElec    .         Reflect  .   (no cloak)
rCorr    .         Harm     .   (no gloves)
MR       .....                  (no barding)
Stlth    ++........             (no amulet)
HPRegen  0.12/turn              (no ring)
MPRegen  0.10/turn              (no ring)

@: very slow
A: large, see invisible, deformed body, poison resistance, slowness 2, slow
metabolism 1, spit poison 1, AC +1
a: Spit Poison


You escaped.
You were not hungry.

You visited 1 branch of the dungeon, and saw 2 of its levels.

You collected 77 gold pieces.

Inventory:

Hand Weapons
 d - a +0 short sword (weapon)
Missiles
 e - 14 stones (quivered)
 j - 20 arrows
Armour
 a - a +0 robe (worn)
 h - a +0 leather armour
Scrolls
 f - 2 scrolls of amnesia {unknown}
 g - 3 scrolls of teleportation {unknown}
 i - 2 scrolls of remove curse {unknown}
 l - a scroll of identify {unknown}
Potions
 k - a potion of ambrosia {unknown}
 m - 4 potions of degeneration {unknown}
 n - a potion of curing {unknown}
Books
 b - a book of Frost

   Spells                             Type                      Level
   a - Freeze                         Ice                          1
   b - Throw Frost                    Conjuration/Ice              2
   c - Ozocubu's Armour               Charms/Ice                   3
   d - Throw Icicle                   Conjuration/Ice              4
   e - Summon Ice Beast               Ice/Summoning                4
Comestibles
 c - 2 rations
 o - a chunk of flesh


   Skills:
 - Level 0.1 Fighting
 - Level 1.5 Dodging
 + Level 3.6 Stealth
 - Level 2.0 Spellcasting
 * Level 1.0 Conjurations
 + Level 4.6 Ice Magic


You had 2 spell levels left.
You knew the following spells:

 Your Spells              Type           Power        Failure   Level  Hunger
a - Freeze                Ice            ###.         3%          1    #......
s - Throw Icicle          Conj/Ice       ##......     54%         4    #####..


Dungeon Overview and Level Annotations

Branches:
Dungeon (2/15)

Altars:


Innate Abilities, Weirdness & Mutations

You cannot wear boots.
Your serpentine skin is tough. (AC +1)
You have supernaturally acute eyesight. (SInv)
Armour fits poorly on your strangely shaped body.
Your system is resistant to poisons. (rPois)
You cover ground very slowly.
You have a slow metabolism.
You can spit poison.


Message History

Unknown command.
Saving game... please wait.
Welcome back, GameOver the Naga Ice Elementalist.
Press ? for a list of commands and other information.
(D) Dungeon
Where to? (? - help)
There is an open door here.
There is a stone staircase leading up here.
You climb upwards.
There is a stone staircase leading down here.
(D) Dungeon
Where to? (Enter - D:1, ? - help)
Okay, then.
Magic restored.
There is an open door here.
You open the door.
There is an open door here.
There is a staircase leading out of the dungeon here.
Are you sure you want to leave the Dungeon?
This will make you lose the game!
You have escaped!

# #..#............### ###.###.##
###..#..............## #...# #...
...............#..#..# #.#.###.##
###..####..#.###.###)# #.#.....#
.....## #..#.'#'.+#'.# #.###.###
###...###..###.###.### #.# #.# #
#.......####.'.'.#####.# #.#
###>..##...[.###.###.....###.####
##.....#.#.....#@#...#####.......
##.....#...########..# #.#.....
..............# #..#####.######
##.....######.# #..รท)..#.#
#.....# #.#####.####.#.#
###.########.......# #.#.#
#.##.............# #.#.#
#.##.############# ##.#.# #.##.#
#######....#


There were no monsters in sight!

Vanquished Creatures
  An adder (D:2)
  2 dart slugs
  3 bats
  3 giant cockroaches
  4 goblins
  7 hobgoblins
  5 jackals (D:2)
  8 kobolds
  A ball python (D:2)
  5 frilled lizards
  6 rats
45 creatures vanquished.

Notes
Turn   | Place    | Note
-------+----------+-------------------------------------------
     0 | D:1      | GameOver the Naga Ice Elementalist began the quest for the Orb.
     0 | D:1      | Reached XP level 1. HP: 15/15 MP: 3/3
    84 | D:1      | Reached XP level 2. HP: 22/22 MP: 5/5
   418 | D:1      | Reached skill level 4 in Ice Magic
   418 | D:1      | Reached XP level 3. HP: 28/28 MP: 6/6
   523 | D:1      | You fall through a shaft!
  1122 | D:2      | Reached XP level 4. HP: 36/36 MP: 4/7
  1131 | D:2      | Learned a level 4 spell: Throw Icicle
  1131 | D:2      | Upgraded the game from 0.22-a0 to 0.22-a0-86-g94e0ad4
  1184 | D:$      | Got out of the dungeon alive.

Vault maps used:
D:1:      erik_arrival_triangle_small
D:2:      lemuel_round_altar

Skill      XL: |  1  2 |
---------------+-------+-----
Ice Magic      | 4 |  4.6
Fighting       | |  0.1
Dodging        | |  1.5
Stealth        | |  3.6
Spellcasting   | |  2.0
Conjurations   | |  1.0

Action                   |  1- 3 |  4- 6 || total
-------------------------+-------+-------++-------
Melee: Short sword       |     5 |       ||     5
 Cast: Freeze            |    23 |     1 ||    24
 Abil: Spit Poison       |    43 |       ||    43
  Eat: Chunk             |     3 |       ||     3
Armor: Robe              |     1 |       ||     1
Dodge: Dodged            |    15 |       ||    15

Table legend:
 A = Spawn XP
 B = Non-spawn XP
 C = Spawn XP percentage of total XP
 D = Spawn monster count
 E = Non-spawn monster count
 F = Spawn count percentage of total count
 G = Total turns spent on level
                    A         B        C        D         E        F      G
               +---------+---------+-------+---------+---------+-------+---------
         Total |       0 |      92 |   0.0 |       0 |      45 |   0.0 |  1184
               +---------+---------+-------+---------+---------+-------+---------
           D:1 |       0 |      42 |   0.0 |       0 |      23 |   0.0 |   792
           D:2 |       0 |      50 |   0.0 |       0 |      22 |   0.0 |   392
               +---------+---------+-------+---------+---------+-------+---------
